 Dungeon Crawl Stone Soup version 0.19-a0-1899-g2d93087 (webtiles) character file.

335180 sleepydude the Hoplite (level 22, -27/190 HPs)
             Began as a Formicid Fighter on Oct 19, 2016.
             Was the Champion of Okawaru.
             Killed from afar by a fire dragon (illusionary) (31 damage)
             ... with a blast of flame
             ... on level 1 of the Depths on Oct 20, 2016.
             The game lasted 03:09:47 (44605 turns).

sleepydude the Hoplite (Formicid Fighter)          Turns: 44605, Time: 03:09:48

Health: -27/190    AC: 50    Str: 29    XL:     22   Next: 84%
Magic:  30/36      EV:  8    Int:  5    God:    Okawaru [******]
Gold:   3049       SH: 41    Dex: 10    Spells: 0 memorised, 21 levels left

rFire  . . .     SeeInvis +     g - +9 demon whip (vamp)
rCold  . . .     Gourm    .     I - +7 crystal plate armour of Inaction {MR+}
rNeg   + . .     Faith    .     t - +18 shield of the Gong {rElec rN+ MR+ EV-5}
rPois  +         Spirit   .     (helmet unavailable)
rElec  +         Reflect  +     a - +0 cloak {MR+}
rCorr  .         Harm     .     y - +2 pair of gloves {archery}
MR     +++++                    T - +0 pair of boots of Oblivion {rPois MP+9 Int-5}
Stlth  ..........               z - +5 amulet of reflection
                                H - ring of protection from magic
                                G - +6 ring of protection

@: heroism, finesse, drained
A: permanent stasis, dig shafts and tunnels, four strong arms, antennae 3
a: Dig, Shaft Self, Heroism, Finesse, Renounce Religion
}: 2/15 runes: decaying, serpentine


You were on level 1 of the Depths.
You worshipped Okawaru.
Okawaru was exalted by your worship.
You were full.

You visited 8 branches of the dungeon, and saw 37 of its levels.
You also visited: Sewer and Ice Cave.

You collected 3729 gold pieces.
You spent 680 gold pieces at shops.

Inventory:

Hand Weapons
 g - a +9 vampiric demon whip (weapon)
 R - the +9 dire flail "Beastbane" {drain, rElec rC+ Dex+3}
   (Okawaru gifted it to you on level 4 of the Lair of Beasts)

   A truly terrible weapon, it drains the life of those it strikes.
   It affects your dexterity (+3).
   It protects you from cold.
   It insulates you from electricity.
Armour
 a - a +0 cloak of magic resistance (worn)
 r - a +2 cloak
 t - the +18 shield of the Gong (worn) {rElec rN+ MR+ EV-5}
   (You acquired it on level 2 of the Swamp)

   It affects your evasion (-5).
   It insulates you from electricity.
   It protects you from negative energy.
   It affects your resistance to hostile enchantments.
 y - a +2 pair of gloves of archery (worn)
 I - the +7 crystal plate armour of Inaction (worn) {MR+}
   (Okawaru gifted it to you on level 1 of the Snake Pit)

   It affects your resistance to hostile enchantments.
 T - the +0 pair of boots of Oblivion (worn) {rPois MP+9 Int-5}
   (Okawaru gifted it to you on level 14 of the Dungeon)

   It affects your intelligence (-5).
   It protects you from poison.
   It affects your magic capacity (+9).
 V - the +6 large shield of Terror {rPois rF+ Stlth+}
   (Okawaru gifted it to you on level 6 of the Lair of Beasts)

   It protects you from fire.
   It protects you from poison.
   It makes you more stealthy.
Jewellery
 j - an uncursed amulet of harm
 n - an uncursed amulet of guardian spirit
 z - a +5 amulet of reflection (around neck)
 C - an uncursed amulet of the gourmand
 G - a +6 ring of protection (left hand)
 H - a ring of protection from magic (right hand)
 L - a +6 ring of dexterity
 Q - an uncursed ring of resist corrosion
 S - the ring "Juobeura" {*Contam rElec rC+ Str+8 Int-4}
   (You found it on level 1 of the Snake Pit)

   [ring of protection from cold]

   It affects your strength (+8).
   It affects your intelligence (-4).
   It protects you from cold.
   It insulates you from electricity.
   It causes magical contamination when unequipped.
Wands
 b - a wand of teleportation (6/9)
 D - a wand of heal wounds (5/9)
Scrolls
 h - 5 scrolls of magic mapping
 l - 4 scrolls of enchant weapon
 m - a scroll of random uselessness {unknown}
 w - 4 scrolls of recharging
 A - 2 scrolls of fear
 E - 4 scrolls of holy word
 F - 11 scrolls of remove curse {@r2}
 K - 5 scrolls of enchant armour
 O - 5 scrolls of fog
 W - 2 scrolls of identify {@r1}
 Y - a scroll of summoning
Potions
 c - 2 potions of cure mutation
 d - 6 potions of heal wounds
 e - 12 potions of curing {@q1}
 i - 3 potions of cancellation
 k - 2 potions of invisibility
 o - 4 potions of flight
 q - 3 potions of magic
 s - 3 potions of mutation {unknown}
 u - 3 potions of ambrosia
 v - 5 potions of brilliance {unknown}
 x - 4 potions of lignification {unknown}
 B - 2 potions of resistance {unknown}
 N - 2 potions of might
Comestibles
 f - 19 bread rations
 p - 15 meat rations
 P - 37 fruits


   Skills:
 + Level 19.8(24.3) Fighting
 - Level 16.7(21.2) Maces & Flails
 + Level 20.0(24.5) Armour
 * Level 9.2(13.8) Dodging
 + Level 21.2(25.7) Shields
 - Level 0.4(0.1) Spellcasting
 - Level 7.5(7.1) Invocations


You had 21 spell levels left.
You didn't know any spells.

Dungeon Overview and Level Annotations

Branches:
Dungeon (15/15)            Temple (1/1) D:5            Lair (6/6) D:10
  Swamp (4/4) Lair:3        Snake (4/4) Lair:2        Slime (0/5) Lair:5
    Orc (2/2) D:11            Elf (0/3) Orc:2        Vaults (4/5) D:14
  Crypt (0/3) Vaults:3     Depths (1/5) D:15

Altars:
Ashenzari
Cheibriados
Dithmenos
Elyvilon
Fedhas
Gozag
Hepliaklqana
Kikubaaqudgha
Makhleb
Nemelex Xobeh
Okawaru
Qazlal
Ru
Sif Muna
Trog
Uskayaw
Vehumet
Xom
Yredelemnul
Zin
The Shining One
Beogh
Jiyva

Shops:
D:8 (   D:10 %(?([   D:13 [   Orc:2 **[(   Snake:2 *?!(   Snake:3 ?
Vaults:1 *


Innate Abilities, Weirdness & Mutations

You are under a permanent stasis effect.
You can dig through walls and to a lower floor.
Your four strong arms can wield two-handed weapons with a shield.
You have a pair of large antennae on your head. (SInv)


Message History

Okawaru grants you a gift!
The spectral juggernaut fades away!
The spectral snapping turtle fades away!
The spectral stone giant fades away!
You are engulfed in spectral mist.
The stone giant is engulfed in spectral mist.
You block the stone giant's attack.
BOUMMMMG!
You are engulfed in spectral mist.
The fire dragon breathes flames at you. The blast of flame hits you!
* * * LOW HITPOINT WARNING * * *
The tengu reaver points at you and mumbles some strange words.
The bolt of magma hits you!
* * * LOW HITPOINT WARNING * * *
The green very ugly thing is engulfed in spectral mist.
The stone giant is engulfed in spectral mist.
The fire dragon is engulfed in spectral mist.
The fire dragon breathes flames at you. The blast of flame hits you!
You die...

#..........####≈......≈
#.......(..#..#≈T.$?.. #
#............##≈#....#≈#
#..........####≈......≈#
#..........####≈......≈#
.............#D.R*...≈#
############.#D#u...#≈#
#(#§Q§..(..#
#.)@QC.(...#
############


You could see a green very ugly thing, 2 fire dragons, a stone giant, 2 tengu
reavers, a rakshasa, a deep troll shaman and a battlesphere.

Vanquished Creatures
  Sojobo (Vaults:2)
  Vashnia (Snake:2)
  A bone dragon (Swamp:4)
  Jorgrun (Swamp:3)
  An Ice Fiend (IceCv)
  Rupert (D:14)
  2 sphinxes
  Kirke (Swamp:2)
  2 thorn hunters (Swamp:4)
  Gastronok (Lair:2)
  A storm dragon (Vaults:2)
  Agnes (D:14)
  Roxanne (Swamp:2)
  2 tengu reavers (Vaults:2)
  7 nagarajas (Snake:4)
  A deep elf sorcerer (Vaults:4)
  2 frost giants
  3 fire giants
  2 orc warlords
  10 vault wardens
  The ghost of JacktheKnight the Severer, a journeyman HOFi of Beogh (IceCv)
  3 ghouls (D:15)
  5 ironheart preservers
  2 entropy weavers (Vaults:4)
  3 stone giants
  A vampire knight (Vaults:3)
  Nessos (D:14)
  3 very ugly things (Vaults:3)
  3 fire dragons
  7 yaktaur captains
  A great orb of eyes (Depths:1)
  2 ice dragons
  9 vault guards
  7 centaur warriors
  An alligator (shapeshifter) (Vaults:3)
  15 hydras
  24 naga warriors
  A catoblepas (D:14)
  Erica (Lair:2)
  14 anacondas
  10 alligators
  4 death yaks (Lair:2)
  3 death knights
  3 ghost crabs (Swamp:4)
  A deep troll earth mage (Vaults:2)
  2 tengu warriors (D:14)
  11 ogre magi
  An orc high priest (Orc:2)
  A hell hog (shapeshifter) (Vaults:4)
  Urug (Lair:4)
  15 naga sharpshooters
  10 shock serpents
  9 deep elf knights
  The ghost of hellotanjent the Blocker, a novice GrFi of Ashenzari (D:8)
  7 skeletal warriors (D:15)
  7 salamander mystics
  2 sea snakes (Snake:3)
  A shadow wraith (Vaults:4)
  4 deep elf archers
  3 wizards
  A glowing orange brain (Vaults:2)
  A spriggan druid (Swamp:3)
  5 unseen horrors
  7 naga ritualists
  4 hill giants
  2 spectral hydras (Swamp:4)
  2 deep trolls (Vaults:2)
  A harpy (Vaults:4)
  3 swamp dragons
  5 phantasmal warriors
  A wolf spider zombie (D:15)
  The ghost of Crabhammer the Ruffian, a novice NaTm (D:7)
  11 orc knights
  12 mana vipers
  15 ironbrand convokers
  14 deep elf magi
  30 ugly things
  5 cyclopes
  3 wolf spiders
  3 orc sorcerers (Orc:2)
  19 salamanders
  3 manticores
  18 naga magi
  Joseph (D:8)
  14 elephants
  8 centaur zombies
  9 guardian serpents
  A gargoyle (D:13)
  7 vault sentinels
  35 black mambas
  37 spiny frogs
  2 ice statues
  12 rime drakes
  A rime drake (shapeshifter) (Vaults:4)
  9 freezing wraiths
  A yaktaur (shapeshifter) (D:14)
  9 yaktaurs
  3 swamp worm zombies (Swamp:4)
  7 komodo dragons
  A tengu conjurer (D:14)
  2 anaconda simulacra (IceCv)
  5 ice devils (IceCv)
  A jumping spider (Vaults:4)
  A queen bee (Lair:5)
  9 trolls
  14 tyrant leeches
  2 hydra zombies (Swamp:4)
  2 golden dragon simulacra (IceCv)
  17 two-headed ogres
  A harpy zombie (D:15)
  6 meliai
  4 hornets
  A polar bear (shapeshifter) (Vaults:3)
  3 alligator zombies (Swamp:4)
  Grinder (D:3)
  A sphinx simulacrum (Vaults:3)
  3 blink frogs (Swamp:4)
  3 spectral swamp dragons (Swamp:4)
  3 wolf spider simulacra (IceCv)
  29 slime creatures
  A meliai zombie (D:15)
  A slime creature (shapeshifter) (Depths:1)
  12 bog bodies
  18 hippogriffs
  A fire giant simulacrum (Vaults:2)
  3 centaur simulacra
  A spriggan (Swamp:4)
  4 redbacks (Vaults:4)
  2 spriggans (shapeshifter)
  A wraith (Vaults:3)
  54 yaks
  19 wyverns
  8 basilisks
  A water elemental (Depths:1)
  A yak (shapeshifter) (Vaults:3)
  3 dire elephant simulacra (IceCv)
  A human (D:7)
  4 hogs
  A golden eye (shapeshifter) (Vaults:4)
  2 steam dragons
  A human simulacrum (Vaults:3)
  2 hungry ghosts
  20 vampire mosquitoes
  4 iron troll simulacra (IceCv)
  22 swamp worms
  2 mottled dragons
  17 insubstantial wisps
  6 wargs
  2 harpy simulacra (IceCv)
  64 nagas
  A soldier ant (D:15)
  3 hell hounds
  A hydra simulacrum (IceCv)
  19 water moccasins
  6 porcupines
  Duvessa (D:7)
  53 orc warriors
  2 hornet zombies (D:15)
  2 sky beasts
  34 ogres
  5 swamp dragon zombies (Swamp:4)
  11 swamp drakes
  4 phantoms
  A necrophage (D:12)
  9 boggarts (Vaults:1)
  11 wolves
  14 crocodiles
  A crocodile (shapeshifter) (D:15)
  3 big kobolds
  10 centaurs
  A wyvern zombie (D:9)
  26 bullfrogs
  A gnoll sergeant (D:11)
  Dowan (D:7)
  5 scorpions
  An elephant simulacrum (IceCv)
  34 killer bees
  6 howler monkeys
  2 vampire bats (D:9)
  10 wights
  6 electric eels
  5 crimson imps
  3 bullfrog zombies
  A draconian simulacrum (IceCv)
  14 hounds
  2 jellies
  7 centaur skeletons
  17 orc priests
  27 orc wizards
  A bullfrog skeleton (D:8)
  5 iguanas
  9 worker ants
  4 troll simulacra (IceCv)
  A killer bee zombie (D:5)
  A wolf simulacrum (IceCv)
  3 mummies (D:15)
  4 gnolls
  3 naga simulacra (IceCv)
  5 river rats
  20 adders
  4 ogre simulacra (IceCv)
  2 swamp drake zombies (Swamp:4)
  2 shadow imps (D:13)
  7 white imps
  4 ufetubi
  An adder skeleton (D:4)
  An adder zombie (D:10)
  A worm (D:3)
  3 dart slugs (D:1)
  7 leopard geckos
  84 orcs
  6 ball pythons
  14 giant cockroaches
  8 goblins
  11 hobgoblins
  27 jackals
  2 quokkas
  15 bats
  A frilled lizard (D:1)
  2 jackal skeletons
  31 kobolds
  2 quokka skeletons
  5 rats
  2 briar patches (Swamp:4)
  A fungus (Lair:6)
1610 creatures vanquished.

Vanquished Creatures (others)
  A nagaraja (Snake:4)
  A frost giant (Vaults:2)
  A stone giant (Depths:1)
  A merfolk javelineer (Depths:1)
  2 yaktaur captains
  A centaur warrior (Vaults:2)
  5 naga sharpshooters
  A spriggan (Swamp:4)
  A spriggan druid (Swamp:4)
  2 deep elf archers
  An orc sorcerer (Orc:2)
  A cyclops (Vaults:2)
  A black mamba (Snake:1)
  3 yaktaurs
  A swamp worm zombie (Swamp:4)
  A blink frog (Swamp:4)
  A hornet (Swamp:4)
  A yak (D:11)
  2 humans (Swamp:2)
  An insubstantial wisp (Swamp:4)
  2 swamp worms (Swamp:4)
  An ogre (Vaults:2)
  An orc (Vaults:2)
  A bush (Lair:6)
  16 fungi
  49 plants
99 creatures vanquished.

Grand Total: 1709 creatures vanquished

Notes
Turn   | Place    | Note
-------+----------+-------------------------------------------
     0 | D:1      | sleepydude the Formicid Fighter began the quest for the Orb.
     0 | D:1      | Reached XP level 1. HP: 18/18 MP: 1/1
   112 | D:1      | Reached XP level 2. HP: 22/24 MP: 2/2
   148 | D:1      | Reached XP level 3. HP: 11/30 MP: 3/3
   155 | D:1      | Reached skill level 4 in Shields
   631 | D:1      | Reached XP level 4. HP: 37/37 MP: 4/4
  1414 | D:2      | Reached XP level 5. HP: 42/42 MP: 5/5
  1745 | D:3      | Noticed Grinder
  1762 | D:3      | Killed Grinder
  1762 | D:3      | Reached skill level 5 in Shields
  1762 | D:3      | Reached XP level 6. HP: 18/49 MP: 6/6
  2781 | D:4      | Reached XP level 7. HP: 55/55 MP: 7/7
  2811 | D:4      | Reached skill level 5 in Fighting
  3449 | D:5      | Entered Level 5 of the Dungeon
  3531 | D:5      | Reached skill level 5 in Armour
  3597 | D:5      | Found a glowing drain.
  3610 | Sewer    | Entered a sewer
  3916 | Sewer    | Reached skill level 6 in Shields
  4176 | Sewer    | Found a glowing silver altar of Zin.
  4346 | D:5      | Reached XP level 8. HP: 61/64 MP: 8/8
  4421 | D:5      | Found a staircase to the Ecumenical Temple.
  4426 | Temple   | Entered the Ecumenical Temple
  4674 | Temple   | Became a worshipper of Warmaster Okawaru
  5436 | D:6      | Reached skill level 5 in Maces & Flails
  6487 | D:7      | Reached skill level 7 in Shields
  6562 | D:7      | Reached * piety under Okawaru
  6706 | D:7      | Noticed Crabhammer's ghost (novice NaTm)
  6711 | D:7      | Reached XP level 9. HP: 67/71 MP: 9/9
  6752 | D:7      | Killed Crabhammer's ghost
  6797 | D:7      | Noticed Dowan
  6801 | D:7      | Noticed Duvessa
  6812 | D:7      | Killed Duvessa
  6812 | D:7      | Reached ** piety under Okawaru
  6812 | D:7      | Reached skill level 8 in Shields
  6819 | D:7      | Killed Dowan
  7190 | D:7      | Reached XP level 10. HP: 77/80 MP: 10/10
  7294 | D:7      | Reached *** piety under Okawaru
  7322 | D:7      | Reached skill level 9 in Shields
  7677 | D:8      | Noticed Joseph
  7701 | D:8      | Killed Joseph
  7816 | D:8      | Noticed hellotanjent's ghost (novice GrFi)
  8343 | D:8      | Killed hellotanjent's ghost
  8585 | D:8      | Found Innin's Weapon Shoppe.
  8822 | D:9      | Reached **** piety under Okawaru
  8823 | D:9      | Noticed a red ugly thing
  8843 | D:9      | You fall through a shaft for 3 floors!
  9314 | D:10     | Entered Level 10 of the Dungeon
  9583 | D:9      | Reached skill level 10 in Shields
  9642 | D:9      | Killed a red ugly thing
  9642 | D:9      | Reached ***** piety under Okawaru
  9642 | D:9      | Reached XP level 11. HP: 78/88 MP: 9/11
 10336 | D:10     | Found a staircase to the Lair.
 10384 | D:10     | Found Jummimio's Weapon Emporium.
 10437 | D:10     | Received a gift from Okawaru
 10580 | D:10     | Noticed an elephant
 10592 | D:10     | Killed an elephant
 10624 | D:10     | Found Soamul's Antique Armour Emporium.
 10776 | D:10     | Found Simmel's Magic Scroll Emporium.
 10822 | D:10     | Found Jit Emaysikh's Food Emporium.
 10832 | D:10     | Found Sushrism's Antique Weapon Boutique.
 11805 | D:11     | Noticed a death knight
 11852 | D:11     | Killed a death knight
 11852 | D:11     | Reached skill level 10 in Fighting
 11970 | D:11     | Reached skill level 10 in Armour
 12266 | D:11     | Reached skill level 10 in Maces & Flails
 12266 | D:11     | Reached skill level 11 in Shields
 12301 | D:11     | Reached XP level 12. HP: 86/96 MP: 12/12
 12724 | D:11     | Found a staircase to the Orcish Mines.
 13003 | D:11     | Noticed an unseen horror
 13011 | D:11     | Killed an unseen horror
 13118 | Lair:1   | Entered Level 1 of the Lair of Beasts
 13146 | Lair:1   | Reached ****** piety under Okawaru
 13528 | Lair:1   | Noticed a seven-headed hydra
 13539 | Lair:1   | Killed a seven-headed hydra
 13666 | Lair:1   | Received a gift from Okawaru
 13669 | Lair:1   | Got an ichor-stained chain mail {god gift}
 13681 | Lair:1   | Identified the +2 chain mail "Kygedgh" {Int+4 Dex+5} (Okawaru gifted it to you on level 1 of the Lair of Beasts)
 13729 | Lair:1   | Reached skill level 12 in Shields
 14078 | Lair:1   | Noticed a seven-headed hydra
 14090 | Lair:1   | Killed a seven-headed hydra
 14090 | Lair:1   | Reached XP level 13. HP: 78/105 MP: 10/13
 14287 | Lair:1   | Noticed a seven-headed hydra
 14299 | Lair:1   | Killed a seven-headed hydra
 14455 | Lair:2   | Reached skill level 1 in Invocations
 14497 | Lair:2   | Noticed a seven-headed hydra
 14656 | Lair:2   | Killed a seven-headed hydra
 14835 | Lair:2   | Found a staircase to the Snake Pit.
 15052 | Lair:2   | Noticed a five-headed hydra
 15082 | Lair:2   | Killed a five-headed hydra
 15326 | Lair:2   | Noticed Erica
 15336 | Lair:2   | Killed Erica
 15374 | Lair:2   | Noticed Gastronok
 15395 | Lair:2   | Killed Gastronok
 15403 | Lair:2   | Received a gift from Okawaru
 15853 | Lair:2   | Received a gift from Okawaru
 16163 | Lair:3   | Reached skill level 13 in Shields
 16272 | Lair:3   | Reached XP level 14. HP: 95/114 MP: 17/17
 16975 | Lair:3   | Found a staircase to the Swamp.
 17153 | Lair:3   | Reached skill level 5 in Invocations
 17513 | Lair:4   | Noticed Urug
 17533 | Lair:4   | Killed Urug
 17537 | Lair:4   | Identified a scroll of acquirement
 17753 | Lair:4   | Received a gift from Okawaru
 17756 | Lair:4   | Got an ichor-stained dire flail {god gift}
 17757 | Lair:4   | Identified the +9 dire flail "Beastbane" {drain, rElec rC+ Dex+3} (Okawaru gifted it to you on level 4 of the Lair of Beasts)
 18924 | Lair:5   | Found a staircase to the Slime Pits.
 18925 | Lair:5   | Found a viscous altar of Jiyva.
 19747 | Lair:6   | Entered Level 6 of the Lair of Beasts
 19775 | Lair:6   | Upgraded the game from 0.19-a0-1895-g783e625 to 0.19-a0-1899-g2d93087
 19807 | Lair:5   | Received a gift from Okawaru
 20080 | Lair:6   | Reached XP level 15. HP: 106/121 MP: 20/20
 20416 | Lair:6   | Received a gift from Okawaru
 20419 | Lair:6   | Got a slimy large shield {god gift}
 20433 | Lair:6   | Identified the +6 large shield of Terror {rPois rF+ Stlth+} (Okawaru gifted it to you on level 6 of the Lair of Beasts)
 20524 | Lair:6   | Reached skill level 14 in Shields
 20767 | Lair:6   | Identified Sass's Incunabulum of Protection and Toxins
 21389 | Orc:1    | Entered Level 1 of the Orcish Mines
 21537 | Orc:2    | Entered Level 2 of the Orcish Mines
 21566 | Orc:2    | Found a staircase to the Elven Halls.
 21920 | Orc:2    | Found a roughly hewn altar of Beogh.
 21921 | Orc:2    | Found Wapateav's Assorted Antiques.
 21979 | Orc:2    | Found a roughly hewn altar of Beogh.
 21996 | Orc:2    | Found a roughly hewn altar of Beogh.
 22126 | Orc:2    | Found a roughly hewn altar of Beogh.
 22164 | Orc:2    | Found a roughly hewn altar of Beogh.
 22166 | Orc:2    | Found Uzxo's Assorted Antiques.
 22391 | Orc:2    | Reached skill level 15 in Maces & Flails
 22406 | Orc:2    | Noticed an orc warlord
 22437 | Orc:2    | Killed an orc warlord
 22493 | Orc:2    | Found Gingepsun's Antique Armour Emporium.
 22494 | Orc:2    | Found a roughly hewn altar of Beogh.
 22497 | Orc:2    | Found Ufelueme's Antique Weapon Shoppe.
 22629 | Orc:1    | Noticed an orc warlord
 22663 | Orc:1    | Killed an orc warlord
 23190 | D:12     | Received a gift from Okawaru
 24019 | D:13     | Found a blossoming altar of Fedhas.
 24211 | D:13     | Found Biuso's Antique Armour Boutique.
 24303 | D:13     | Reached XP level 16. HP: 130/130 MP: 21/21
 24437 | D:14     | Noticed Nessos
 24450 | D:14     | Killed Nessos
 24590 | D:14     | Received a gift from Okawaru
 24593 | D:14     | Got a pair of distressingly furry boots {god gift}
 24604 | D:14     | Identified the +0 pair of boots of Oblivion {rPois MP+9 Int-5} (Okawaru gifted it to you on level 14 of the Dungeon)
 24660 | D:14     | Noticed Rupert
 24672 | D:14     | Killed Rupert
 24771 | D:14     | Reached skill level 15 in Shields
 25269 | D:14     | Noticed Agnes
 25283 | D:14     | Killed Agnes
 25306 | D:14     | Found a gate to the Vaults.
 25357 | D:15     | Entered Level 15 of the Dungeon
 25454 | D:15     | Received a gift from Okawaru
 26181 | Swamp:1  | Entered Level 1 of the Swamp
 26234 | Swamp:1  | Found a frozen archway.
 26289 | IceCv    | Entered an ice cave
 26348 | IceCv    | Reached XP level 17. HP: 137/138 MP: 22/22
 26820 | IceCv    | Noticed an Ice Fiend
 26892 | IceCv    | Killed an Ice Fiend
 26892 | IceCv    | Received a gift from Okawaru
 26892 | IceCv    | Reached skill level 1 in Dodging
 26995 | IceCv    | Noticed JacktheKnight's ghost (journeyman HOFi)
 27478 | IceCv    | Killed JacktheKnight's ghost
 28796 | Swamp:2  | Reached skill level 16 in Shields
 28809 | Swamp:2  | Noticed Kirke
 28829 | Swamp:2  | Killed Kirke
 28834 | Swamp:2  | Noticed Roxanne
 28951 | Swamp:2  | Found a blossoming altar of Fedhas.
 29440 | Swamp:2  | Killed Roxanne
 29502 | Swamp:3  | Reached skill level 15 in Armour
 29669 | Swamp:3  | Noticed Jorgrun
 29684 | Swamp:3  | Killed Jorgrun
 29684 | Swamp:3  | Reached skill level 15 in Fighting
 30201 | Swamp:4  | Entered Level 4 of the Swamp
 30260 | Swamp:4  | Received a gift from Okawaru
 30340 | Swamp:4  | Got an ancient flail
 30341 | Swamp:4  | Identified the +7 flail of the Key {flame, Int+6 Dex+2} (You found it on level 4 of the Swamp)
 30385 | Swamp:4  | Noticed a bone dragon
 30408 | Swamp:4  | Killed a bone dragon
 30408 | Swamp:4  | Reached XP level 18. HP: 129/148 MP: 23/23
 30501 | Swamp:4  | Reached skill level 5 in Dodging
 30548 | Swamp:4  | Received a gift from Okawaru
 31614 | Swamp:4  | Got a decaying rune of Zot
 31786 | Snake:1  | Entered Level 1 of the Snake Pit
 32234 | Snake:1  | Reached skill level 17 in Shields
 32561 | Snake:1  | Got a transparent jade ring
 32747 | Snake:1  | Received a gift from Okawaru
 32750 | Snake:1  | Got a warped crystal plate armour {god gift}
 32761 | Snake:1  | Identified the +7 crystal plate armour of Inaction {MR+} (Okawaru gifted it to you on level 1 of the Snake Pit)
 32948 | Snake:2  | Found Medyesu's Magic Scroll Emporium.
 32952 | Snake:2  | Found Vagu's Assorted Antiques.
 32953 | Snake:2  | Found Agudduyrru's Distillery.
 32988 | Snake:2  | Found Faiwouv's Weapon Emporium.
 32991 | Snake:2  | Bought a potion of heal wounds for 130 gold pieces
 32991 | Snake:2  | Bought a potion of heal wounds for 130 gold pieces
 33125 | Snake:2  | Found a glowing silver altar of Zin.
 33656 | Snake:3  | Reached XP level 19. HP: 125/153 MP: 24/24
 33820 | Snake:3  | Found Lianoxtu's Magic Scroll Shop.
 33905 | Snake:3  | Noticed Vashnia
 34527 | Snake:2  | Killed Vashnia
 34690 | Snake:3  | Received a gift from Okawaru
 34780 | Snake:3  | Identified the ring "Juobeura" {*Contam rElec rC+ Str+8 Int-4} (You found it on level 1 of the Snake Pit)
 34970 | Snake:4  | Entered Level 4 of the Snake Pit
 35033 | Snake:4  | Reached skill level 18 in Shields
 35753 | Snake:4  | Received a gift from Okawaru
 35963 | Snake:4  | Reached XP level 20. HP: 162/168 MP: 25/25
 36071 | Snake:4  | Reached skill level 19 in Shields
 37127 | Snake:4  | Got a serpentine rune of Zot
 37694 | D:14     | Received a gift from Okawaru
 37786 | Vaults:1 | Entered Level 1 of the Vaults
 38021 | Vaults:1 | Found Ybus's General Store.
 38026 | Vaults:1 | Bought a wand of heal wounds (1/9) for 420 gold pieces
 39099 | Vaults:2 | Reached XP level 21. HP: 178/178 MP: 26/26
 39135 | Vaults:2 | Received a gift from Okawaru
 39518 | Vaults:2 | Reached skill level 20 in Shields
 39572 | Vaults:2 | Noticed Sojobo
 39632 | Vaults:2 | Killed Sojobo
 40297 | Vaults:2 | Received a gift from Okawaru
 40300 | Vaults:2 | Got a transparent large shield {god gift}
 40311 | Vaults:2 | Identified the +1 large shield of Hedonism {-Cast +Fly Slay+5 SInv} (Okawaru gifted it to you on level 2 of the Vaults)
 41453 | Vaults:3 | Reached XP level 22. HP: 188/188 MP: 27/27
 41797 | Vaults:3 | Found a staircase to the Crypt.
 42202 | Vaults:4 | Received a gift from Okawaru
 42333 | Vaults:4 | Reached skill level 21 in Shields
 44133 | D:15     | Found a staircase to the Depths.
 44493 | Depths:1 | Entered Level 1 of the Depths
 44604 | Depths:1 | Received a gift from Okawaru
 44605 | Depths:1 | HP: 4/190 [tengu reaver (illusionary)/bolt of magma (45)]
 44605 | Depths:1 | Killed from afar by a fire dragon (illusionary)

Vault maps used:
D:1:      dpeg_arrival_arbitrary_c, minmay_misc_feat_four_crosses,
          grunt_decor_one_mirror, hex_large, st_stairs_11
D:2:      first_bread, serial_co_window_serial, co_window_paths_a,
          co_window_paths_a, co_window_paths_a, co_window_paths_b,
          co_window_corner_a, co_window_unsneaky_path_d,
          co_window_unsneaky_path_a, co_window_broadway_a,
          co_window_of_opportunity_b, co_window_4corner_a, co_window_paths_d,
          glass_columns_a, glass_columns_a
D:3:      uniq_grinder
D:5:      portal_sewer_entry_b
D:7:      grunt_livestock, minivault_26, uniq_duvessa
D:8:      statuecave_lemuel, serial_shops, nicolae_shop_waterfront, uniq_joseph
D:9:      serial_park_tiny_pond, hangedman_decor_peaks_small, roderic_batcave
D:10:     david_lair_generic, serial_shops,
          nicolae_shop_temple_entry_statues_fountains, shop, shop_statue, shop,
          nicolae_shop_waterfront
D:11:     orc_0_dummy
D:12:     minivault_22
D:13:     serial_glass, glass_columns_a, glass_columns_a, glass_columns_a,
          glass_columns_b, serial_shops, kennysheep_mini_moat,
          hangedman_decor_lopped, fedhas_altar_fruit_tree
D:14:     david_vaults_5, special_room, solitary_fountain, minivault_20,
          uniq_nessos, uniq_rupert, uniq_agnes
D:15:     grunt_enter_depths_snipers, serial_undead, serial_undead_d,
          serial_undead_a, serial_undead_f, serial_undead_c, serial_undead_a,
          serial_undead_f, serial_undead_e, serial_undead_a, serial_undead_a,
          serial_undead_b, minivault_24
Temple:   nicolae_temple_the_god_donut
Lair:2:   minmay_snake_entry_six_corridors, serial_bayou_shore_a,
          infiniplex_staircase_pool_2, uniq_gastronok, uniq_erica
Lair:3:   nicolae_swamp_entry_splash_gauntlet
Lair:4:   uniq_urug
Lair:5:   slime_altar_1, special_room, grunt_forest_large_clearings,
          grunt_megastairs_1
Lair:6:   minmay_lair_end_frog_pond, special_room, serial_bayou_lagoon_a
Swamp:1:  portal_ice_cave_entry_ice_statue_one, serial_swamp_ruin,
          evilmike_swamp_ruin_house_1, evilmike_swamp_ruin_house_3
Swamp:2:  evilmike_swamp_ruin_house_6, nicolae_swamp_godswood, uniq_kirke,
          uniq_roxanne
Swamp:3:  hangedman_swamp_ruin_wall, swamp_pool4, uniq_jorgrun
Swamp:4:  swamp_pestilence
Snake:1:  corexii_hall_statues_x, grunt_ministairs_10
Snake:2:  basic_altar, st_stairs_5, hangedman_snake_wide_pillar_pass,
          minmay_shop_grid_forest, lemuel_fruit_tree
Snake:3:  serial_shops, nicolae_shop_waterfront, grunt_ministairs_8,
          serial_bayou_shore_b, grunt_megastairs_2, serial_bayou_shore_b,
          uniq_vashnia
Snake:4:  johnstein_snake_rune_scales, spider_trap, st_stairs_12,
          grunt_ministairs_15, abandoned_shop, nicolae_coiled_stairwell_up
Orc:2:    grunt_orc_community_town_hall, grunt_orc_community_big_house_1,
          grunt_orc_community_big_house_1, grunt_orc_community_house_3,
          grunt_orc_community_house_1, grunt_orc_community_house_2,
          grunt_orc_community_house_2, grunt_orc_community_house_3
Vaults:1: v_misc_11, v_pattern_4, ontoclasm_vaults_fault, v_rooms_3, v_misc_22,
          nicolae_vaults_little_squares_3, v_misc_2, v_misc_9,
          ontoclasm_vaults_eye, serial_shops, shop
Vaults:2: nicolae_vaults_c_with_doors, nicolae_vaults_little_squares_3,
          nicolae_vaults_little_squares_4, ontoclasm_vaults_ring_square,
          v_misc_9, nicolae_vaults_specimen_jars, nicolae_vaults_triangles,
          v_misc_26, grunt_vaults_diagonal, uniq_sojobo
Vaults:3: minmay_crypt_entry_simple_round, nicolae_vaults_network_barrier,
          vaults_room_fours, nicolae_vaults_big_angled_halls,
          vaults_room_corners, v_misc_18, v_misc_18,
          nicolae_vaults_border_crossing, ontoclasm_vaults_ring_small,
          serial_ice_b, nicolae_vaults_little_squares_1,
          ontoclasm_vaults_decontamination
Vaults:4: vaults_room_stairs_pillars, v_misc_10,
          nicolae_vaults_yaktaur_gun_rack, v_misc_18, v_misc_5,
          grunt_vaults_swirl, v_misc_18, v_misc_25, st_spiral_rooms,
          nicolae_vaults_shelves_hall, vaults_mumra_lcd
Depths:1: minmay_misc_feat_five, lightli_too_deep, nemelex_diamond_rough_becter,
          minmay_shop_grove, serial_bayou_shore_b, kennysheep_random_hallway
Sewer:    sewer_kobolds
IceCv:    ice_cave_caverns_03

Skill      XL: |  1  2  3  4  5  6  7  8  9 10 11 12 13 14 15 16 17 18 19 20 21 22 |
---------------+-------------------------------------------------------------------+-----
Shields        | 4 5 6 7 8 10 11 12 13 14 15 16 17 18 19 20 21 | 21.2
Fighting       | 4 5 6 7 9 10 11 12 13 14 15 16 17 18 19 | 19.8
Maces & Flails | 3 4 5 6 8 10 11 13 14 15 16 | 16.7
Armour         | 4 5 6 7 9 10 11 12 13 14 15 16 17 18 19 20 | 20.0
Invocations    | 4 7 |  7.5
Dodging        | 4 6 9 |  9.2
Spellcasting   | |  0.4

Action                   |  1- 3 |  4- 6 |  7- 9 | 10-12 | 13-15 | 16-18 | 19-21 | 22-24 || total
-------------------------+-------+-------+-------+-------+-------+-------+-------+-------++-------
Melee: Flail             |   113 |   175 |   334 |       |       |       |       |       ||   622
       Morningstar       |       |       |   139 |   495 |       |       |       |       ||   634
       Great mace        |       |       |       |   435 |   461 |       |       |       ||   896
       Dire flail        |       |       |       |       |   876 |  1603 |   473 |       ||  2952
       Demon whip        |       |       |       |       |    13 |       |  1586 |   713 ||  2312
Invok: Heroism           |       |       |       |     5 |    10 |    13 |     4 |     1 ||    33
       Finesse           |       |       |       |       |     1 |    11 |     2 |     1 ||    15
 Abil: Shaft Self        |       |       |       |     1 |       |       |       |       ||     1
  Use: Potion            |       |     1 |       |       |       |     3 |     8 |       ||    12
       Scroll            |       |       |     9 |     5 |    12 |     5 |    13 |     5 ||    49
 Stab: Invisible         |       |       |       |       |       |     4 |       |       ||     4
  Eat: Chunk             |       |     4 |    13 |    13 |    36 |    14 |     1 |     1 ||    82
       Royal jelly       |       |     1 |       |       |     4 |     2 |     9 |       ||    16
       Beef jerky        |       |       |     2 |     3 |     3 |     1 |     1 |     1 ||    11
       Fruit             |       |       |       |     4 |     3 |       |     7 |     3 ||    17
       Pizza             |       |       |       |     2 |     1 |     5 |     5 |       ||    13
       Meat ration       |       |       |       |       |       |       |     1 |     1 ||     2
Armor: Scale mail        |    35 |    80 |    83 |       |       |       |       |       ||   198
       Chain mail        |       |       |    62 |    73 |       |       |       |       ||   135
       Plate armour      |       |       |       |   358 |   395 |   306 |       |       ||  1059
       Crystal plate arm |       |       |       |       |       |    42 |   322 |   131 ||   495
Dodge: Dodged            |    35 |    67 |    65 |   166 |   158 |   157 |    83 |    25 ||   756
Block: Shield            |    65 |   114 |    14 |       |       |   448 |  1895 |   715 ||  3251
       Large shield      |       |       |   377 |  1098 |  1202 |  1056 |   194 |       ||  3927
       Reflection        |       |       |       |       |       |    55 |   280 |    49 ||   384
